 Dungeon Crawl Stone Soup version 0.22-a0-605-g9281fa2 (webtiles) character file.

5 sking99 the Ruffian (level 1, 0/16 HPs)
             Began as a Draconian Transmuter on July 8, 2018.
             Slain by a gnoll
             ... wielding a +0 spear
              (10 damage)
             ... on level 1 of the Dungeon.
             The game lasted 00:00:17 (154 turns).

sking99 the Ruffian (Draconian Transmuter)           Turns: 154, Time: 00:00:18

Health: 0/16       AC:  4    Str: 12    XL:     1   Next: 66%
Magic:  3/3        EV: 12    Int: 13    God:
Gold:   9          SH:  0    Dex: 11    Spells: 3/4 levels left

rFire    . . .     SeeInvis .     - Unarmed
rCold    . . .     Gourm    .   (no shield)
rNeg     . . .     Faith    .   (armour unavailable)
rPois    .         Spirit   .   (helmet restricted)
rElec    .         Reflect  .   (no cloak)
rCorr    .         Harm     .   (no gloves)
MR       .....                  (no boots)
Stlth    +.........             (no amulet)
HPRegen  0.05/turn              (no ring)
MPRegen  0.08/turn              (no ring)

@: no status effects
A: unfitting armour, cold-blooded, AC +4
a: no special abilities


You were on level 1 of the Dungeon.
You were not hungry.

You visited 1 branch of the dungeon, and saw 1 of its levels.

You collected 9 gold pieces.

Inventory:

Missiles
 a - 12 arrows
Scrolls
 b - a scroll of identify {unknown}
Comestibles
 c - a ration


   Skills:
 + Level 1.4 Fighting
 - Level 1.7 Dodging
 * Level 3.2 Unarmed Combat
 - Level 2.0 Spellcasting
 - Level 2.0 Transmutations


You had 3 spell levels left.
You knew the following spells:

 Your Spells              Type           Power        Failure   Level  Hunger
a - Beastly Appendage     Tmut           #.....       11%         1    ##.....

Your spell library contained the following spells:

 Spells                   Type           Power        Failure   Level  Hunger
 Spider Form              Tmut/Pois      #.........   45%         3    ####...
 Blade Hands              Tmut           #.........   97%         5    ######.
 Ice Form                 Ice/Tmut       #.......     86%         4    #####..
 Sticks to Snakes         Tmut           #.......     17%         2    ###....


Dungeon Overview and Level Annotations

Branches:
Dungeon (1/15)

Altars:
Trog


Innate Abilities, Weirdness & Mutations

Your plain brown scales are hard. (AC +4)
You cannot fit into any form of body armour.
You are cold-blooded and may be slowed by cold attacks.


Message History

Your tail-slap misses the frilled lizard.
Your punch misses the frilled lizard. The frilled lizard closely misses you.
The gnoll misses you.
You closely miss the frilled lizard. The frilled lizard barely misses you.
The gnoll misses you.
You closely miss the frilled lizard. The gnoll barely misses you.
The frilled lizard bites you.
You hit the frilled lizard.
You kill the frilled lizard!
The bat hits you but does no damage. The gnoll barely misses you.
The bat misses you. The gnoll barely misses you.
Found 9 gold pieces.
Found a bloodstained altar of Trog.
Items here: ) ††† a dagger; a rat corpse; a kobold corpse; a goblin corpse You closely miss the gnoll.
The gnoll barely misses you.
You hit the gnoll.
Your tail-slap misses the gnoll.
The gnoll is moderately wounded.
The bat completely misses you. The gnoll hits you with a spear!
Ouch! That really hurt!
You die...

###.#####.##
#.####...###
#..........#
######...#.####
##.##....#
#.#..##.#
#.#.....########
#.#..#.........#
#.#..###@#...#.
....##..g# #.#
#.#......b #
#...#.._..# ..
#...$.. ##..$##.
#.### . .. $


You could see a gnoll and a bat.

Vanquished Creatures
  A goblin (D:1)
  A frilled lizard (D:1)
  2 kobolds (D:1)
  2 rats (D:1)
6 creatures vanquished.

Notes
Turn   | Place    | Note
-------+----------+-------------------------------------------
     0 | D:1      | sking99 the Draconian Transmuter began the quest for the Orb.
     0 | D:1      | Reached XP level 1. HP: 16/16 MP: 3/3
   152 | D:1      | Found a bloodstained altar of Trog.
   154 | D:1      | Slain by a gnoll

Vault maps used:
D:1:      lemuel_arrival_lava_pool, minmay_hexomino_r4

Action                   || total
-------------------------++-------
Melee: Unarmed           ||    22
       Tailslap          ||     3
Armor: Skin              ||    12
Dodge: Dodged            ||    22

Table legend:
 A = Spawn XP
 B = Non-spawn XP
 C = Spawn XP percentage of total XP
 D = Spawn monster count
 E = Non-spawn monster count
 F = Spawn count percentage of total count
 G = Total turns spent on level
                    A         B        C        D         E        F      G
               +---------+---------+-------+---------+---------+-------+---------
         Total |       0 |       8 |   0.0 |       0 |       6 |   0.0 |   154
               +---------+---------+-------+---------+---------+-------+---------
           D:1 |       0 |       8 |   0.0 |       0 |       6 |   0.0 |   154
               +---------+---------+-------+---------+---------+-------+---------
